 Dungeon Sprint DCSS version 0.18-a0-1171-ga8e22e7 (webtiles) character file.

8500000 namelastname112 the Grand Master (level 27, -61/249 HPs)
             Began as a Demonspawn Monk on Jan 26, 2016.
             Was the Champion of Makhleb.
             Annihilated by The Servant
             ... wielding a +9 glaive of flaming
              (100 damage)
             ... in the Dungeon (Sprint VIII: "Arena of Blood").
             The game lasted 00:03:09 (85 turns).

namelastname112 the Grand Master (Demonspawn Monk)    Turns: 85, Time: 00:03:10

Health: -61/249    AC:  8    Str: 12    XL:     27
Magic:  0/54       EV: 40    Int: 13    God:    Makhleb [******]
Gold:   0          SH:  0    Dex: 27    Spells: 0 memorised, 80 levels left

rFire  . . .     SeeInvis .     i - +∞ Axe of Woe
rCold  . . .     Gourm    .     a - +0 robe
rNeg   . . .     Faith    .     (shield currently unavailable)
rPois  +         Spirit   +     (no helmet)
rElec  .         Dismiss  .     (no cloak)
rCorr  .         Reflect  .     (no gloves)
SustAt .         Harm     .     (boots unavailable)
MR     ++...     NoTele   +     (no amulet)
Stlth  +++++++++.               (no ring)
                                (no ring)

@: very resistant to hostile enchantments, incredibly stealthy
A: hooves 3, slimy green scales 3, foul stench 2, augmentation 3, magic shield,
magic regeneration, magic link, rot immunity
a: Minor Destruction, Lesser Servant of Makhleb, Major Destruction, Greater
Servant of Makhleb, Renounce Religion


You were in the Dungeon.
You worshipped Makhleb.
Makhleb was exalted by your worship.
You were not hungry.

You visited 1 branch

Inventory:

Hand Weapons
 i - the +∞ Axe of Woe (weapon)
   (You found it in the Dungeon)
Armour
 a - a +0 robe (worn)
Scrolls
 h - a scroll of blinking
Potions
 c - a potion of curing
 d - a potion of heal wounds
 e - a potion of haste
 f - 2 potions of magic
 g - a potion of berserk rage
Comestibles
 b - a bread ration


   Skills:
 O Level 27 Fighting
 O Level 27 Axes
 O Level 27 Throwing
 O Level 27 Armour
 O Level 27 Dodging
 O Level 27 Stealth
 O Level 27 Unarmed Combat
 O Level 27 Spellcasting
 O Level 27 Invocations


You had 80 spell levels left.
You didn't know any spells.

Dungeon Overview and Level Annotations

Branches:
Dungeon (1/1)

Altars:
Makhleb

Annotations:
D The Servant


Innate Abilities, Weirdness & Mutations

You have hooves in place of feet.
You are completely covered in slimy green scales (AC +4, rPois).
You frequently emit foul miasma when damaged in melee.
Your magical and physical power is greatly enhanced at high health.
When hurt, damage is shared between your health and your magic reserves.
You regenerate magic rapidly.
When low on magic, you restore magic in place of health.
You are immune to rotting.


Message History

You kill the meat berserker!
Makhleb accepts your kill.
You feel better.
You slash the crawling corpse!
You hew the crawling corpse savagely.
You destroy the crawling corpse!
You hear a shout!
The accursed gestures at you while chanting.
Something smites you!
* * * LOW HITPOINT WARNING * * *
You hear a shout!
The eight-headed meat hydra appears out of thin air!
An eight-headed meat hydra comes into view.
The dread throws hellfire at you.
The hellfire explodes!
The burst of hellfire engulfs you!
* * * LOW HITPOINT WARNING * * *
The burst of hellfire engulfs the bag of meat.
The bag of meat dies!
You hear a shout!
The Servant hits you from afar with a +9 glaive of flaming!!!!
You die... ..............o ............... .oW............
Oo...........

... .o..M.......
o..... #..%....#
....... . #...)...#
....%..
..###C..)@)@###.......
..o.O.o###))).........
....o...O))oo§...%....
.2Co#..2))#o).%...#.#
. #_.<)_#oW...%....
#....o#))W)D.#.#.
....._%...).)......
o.....###....))...#.#
..###......§###.......


You could see an accursed, a meat beast, The Servant, an eight-headed meat hydra
(wandering), a large bag of meat (inner flame), 3 dreads, 2 meat berserkers and
12 bags of meat.

Vanquished Creatures
  2 hell beasts (D)
  3 greater mummies (D)
  A wraith (D)
  17 vampire knights (D)
  27 ogres (D)
  3 liches (D)
  58 orcs (D)
  5 hill giants (D)
  5 skeletal warriors (D)
  7 large abominations (D)
  6 small abominations (D)
  10 crawling corpses (D)
144 creatures vanquished.

Vanquished Creatures (others)
  An orc (D)
  4 crawling corpses (D)
5 creatures vanquished.

Grand Total: 149 creatures vanquished

Notes
Turn   | Place    | Note
--------------------------------------------------------------
     0 | D        | namelastname112 the Demonspawn Monk began the quest for the Orb.
     0 | D        | Reached XP level 1. HP: 18/18 MP: 1/1
     3 | D        | Noticed a bag of meat
     3 | D        | Noticed a bag of meat
     4 | D        | Became a worshipper of Makhleb the Destroyer
     4 | D        | Reached * piety under Makhleb
     4 | D        | Reached ** piety under Makhleb
     6 | D        | Noticed a meat berserker
     7 | D        | Noticed a bag of meat
     7 | D        | Noticed a bag of meat
     7 | D        | Killed a bag of meat
     7 | D        | Reached skill level 13 in Fighting
     7 | D        | Reached skill level 5 in Stealth
     7 | D        | Reached skill level 18 in Unarmed Combat
     7 | D        | Gained mutation: When hurt, damage is shared between your health and your magic reserves. [demonic ancestry]
     7 | D        | Reached XP level 2. HP: 21/41 MP: 2/2
     7 | D        | Reached XP level 3. HP: 24/47 MP: 3/3
     7 | D        | Reached XP level 4. HP: 27/54 MP: 4/4
     7 | D        | Gained mutation: You have large cloven feet. [demonic ancestry]
     7 | D        | Reached XP level 5. HP: 30/60 MP: 5/5
     7 | D        | Gained mutation: You have hoof-like feet. [demonic ancestry]
     7 | D        | Reached XP level 6. HP: 33/67 MP: 6/6
     7 | D        | Gained mutation: You have hooves in place of feet. [demonic ancestry]
     7 | D        | Reached XP level 7. HP: 35/73 MP: 7/7
     7 | D        | Reached XP level 8. HP: 38/80 MP: 8/8
     7 | D        | Gained mutation: You are partially covered in slimy green scales (AC +2). [demonic ancestry]
     7 | D        | Reached XP level 9. HP: 40/86 MP: 9/9
     7 | D        | Gained mutation: You regenerate magic rapidly. [demonic ancestry]
     7 | D        | Reached XP level 10. HP: 43/93 MP: 10/10
     7 | D        | Reached XP level 11. HP: 45/99 MP: 11/11
     8 | D        | Noticed a bag of meat
     8 | D        | Noticed a bag of meat
     8 | D        | Noticed a meat berserker
     9 | D        | Killed a meat berserker
     9 | D        | Reached skill level 15 in Dodging
     9 | D        | Reached skill level 23 in Unarmed Combat
     9 | D        | Reached XP level 12. HP: 105/114 MP: 12/12
     9 | D        | Gained mutation: You are mostly covered in slimy green scales (AC +3). [demonic ancestry]
     9 | D        | Reached XP level 13. HP: 110/120 MP: 13/13
     9 | D        | Killed a bag of meat
     9 | D        | Reached *** piety under Makhleb
     9 | D        | Reached skill level 24 in Unarmed Combat
     9 | D        | Reached XP level 14. HP: 126/131 MP: 14/14
    10 | D        | Noticed a bag of meat
    10 | D        | Killed a bag of meat
    10 | D        | Reached skill level 25 in Unarmed Combat
    12 | D        | Killed a meat berserker
    12 | D        | Reached **** piety under Makhleb
    12 | D        | Reached skill level 27 in Unarmed Combat
    12 | D        | Reached XP level 15. HP: 139/146 MP: 6/15
    13 | D        | Reached XP level 16. HP: 155/160 MP: 6/16
    13 | D        | Reached skill level 10 in Axes
    13 | D        | Reached skill level 10 in Stealth
    14 | D        | Reached ***** piety under Makhleb
    15 | D        | Noticed a meat berserker
    19 | D        | Noticed a large bag of meat
    20 | D        | Noticed a meat berserker
    22 | D        | Killed a meat berserker
    22 | D        | Reached skill level 27 in Fighting
    22 | D        | Gained mutation: You are immune to rotting. [demonic ancestry]
    22 | D        | Reached XP level 17. HP: 172/174 MP: 9/17
    23 | D        | Noticed a large bag of meat
    23 | D        | Killed a meat berserker
    23 | D        | Reached skill level 27 in Dodging
    23 | D        | Reached XP level 18. HP: 182/182 MP: 9/18
    24 | D        | Reached ****** piety under Makhleb
    24 | D        | Reached skill level 15 in Stealth
    25 | D        | Noticed a destroyer
    25 | D        | Reached skill level 27 in Axes
    26 | D        | Noticed a destroyer
    26 | D        | Gained mutation: Your magical and physical power is slightly enhanced at high health. [demonic ancestry]
    26 | D        | Reached XP level 19. HP: 189/189 MP: 10/19
    27 | D        | Noticed The Servant
    27 | D        | Noticed a destroyer
    27 | D        | Reached skill level 27 in Stealth
    28 | D        | Killed a destroyer
    28 | D        | Reached XP level 20. HP: 197/197 MP: 11/36
    28 | D        | Killed a destroyer
    29 | D        | Noticed a destroyer
    29 | D        | Noticed a destroyer
    29 | D        | Killed a destroyer
    29 | D        | Gained mutation: Your magical and physical power is enhanced at high health. [demonic ancestry]
    29 | D        | Reached XP level 21. HP: 204/204 MP: 11/44
    30 | D        | Reached skill level 27 in Invocations
    31 | D        | Noticed a destroyer
    32 | D        | Noticed a destroyer
    32 | D        | Noticed a destroyer
    32 | D        | Noticed a destroyer
    32 | D        | Gained mutation: You may emit foul miasma when damaged in melee. [demonic ancestry]
    32 | D        | Reached XP level 22. HP: 197/212 MP: 8/50
    33 | D        | Killed a destroyer
    33 | D        | Reached skill level 27 in Throwing
    33 | D        | Reached skill level 27 in Armour
    33 | D        | Reached skill level 27 in Spellcasting
    33 | D        | Killed a destroyer
    33 | D        | Gained mutation: You frequently emit foul miasma when damaged in melee. [demonic ancestry]
    33 | D        | Reached XP level 23. HP: 219/219 MP: 8/54
    39 | D        | Reached XP level 24. HP: 171/227 MP: 2/54
    40 | D        | Killed a destroyer
    41 | D        | Gained mutation: Your magical and physical power is greatly enhanced at high health. [demonic ancestry]
    41 | D        | Reached XP level 25. HP: 234/234 MP: 2/54
    41 | D        | Killed a destroyer
    42 | D        | Noticed a tyrant
    44 | D        | Killed a destroyer
    44 | D        | Gained mutation: When low on magic, you restore magic in place of health. [demonic ancestry]
    44 | D        | Reached XP level 26. HP: 242/242 MP: 4/54
    48 | D        | Gained mutation: You are completely covered in slimy green scales (AC +4, rPois). [demonic ancestry]
    48 | D        | Reached XP level 27. HP: 249/249 MP: 3/54
    49 | D        | Noticed a destroyer
    49 | D        | Noticed a destroyer
    50 | D        | Noticed an accursed
    50 | D        | Noticed an accursed
    50 | D        | Noticed a destroyer
    52 | D        | Killed a destroyer
    54 | D        | Noticed a tyrant
    54 | D        | Killed a destroyer
    55 | D        | Killed a destroyer
    56 | D        | Noticed a destroyer
    58 | D        | Noticed a meat beast
    59 | D        | Killed a destroyer
    60 | D        | Killed a tyrant
    61 | D        | Noticed an accursed
    63 | D        | Noticed a destroyer
    63 | D        | Noticed a meat beast
    63 | D        | Killed a destroyer
    64 | D        | Killed a meat beast
    65 | D        | Noticed a dread
    66 | D        | Noticed a tyrant
    66 | D        | Noticed a dread
    66 | D        | Killed an accursed
    67 | D        | Killed a meat beast
    69 | D        | Killed a destroyer
    70 | D        | Killed an accursed
    71 | D        | Killed a tyrant
    72 | D        | Noticed a destroyer
    73 | D        | Noticed a destroyer
    74 | D        | Killed a destroyer
    76 | D        | Noticed an accursed
    77 | D        | Noticed a meat beast
    77 | D        | Noticed a dread
    77 | D        | Killed a tyrant
    77 | D        | Killed an accursed
    78 | D        | Killed a destroyer
    79 | D        | Noticed a destroyer
    79 | D        | Killed a dread
    81 | D        | Noticed a dread
    81 | D        | Killed a destroyer
    83 | D        | HP: 9/249 [accursed/divine providence (13)]
    85 | D        | Annihilated by The Servant

Vault maps used:
D:        meatsprint

Action                   |  1- 3 |  4- 6 |  7- 9 | 10-12 | 13-15 | 16-18 | 19-21 | 22-24 | 25-27 || total
-------------------------+-------+-------+-------+-------+-------+-------+-------+-------+-------++-------
Melee: Executioner's axe |     1 |       |       |     1 |     3 |     6 |     6 |     7 |    39 ||    63
